 Dungeon Crawl Stone Soup version bcrawl-1.35.4c (webtiles) character file.

Game seed: 7706707662354277479

92215 Minion the Covert (level 4, -5/22 HPs)
             Began as a Spriggan Rogue on Feb 12, 2022.
             Was an Initiate of Dithmenos.
             Slain by an ogre
             ... wielding a +0 giant club
              (27 damage)
             ... on level 4 of the Dungeon.
             The game lasted 00:05:46 (3674 turns).

Minion the Covert (Spriggan Rogue)                  Turns: 3674, Time: 00:05:46

Health: -5/22      AC:  3    Str:  7    XL:     4   Next: 68%
Magic:  7/7        EV: 15    Int: 12    God:    Dithmenos [......]
Gold:   273        SH:  0    Dex: 18    Spells: 3/3 levels left

rFire    . . .     SeeInvis +   a - +2 dagger
rCold    . . .     Gourm    .   (shield restricted)
rNeg     . . .     Faith    .   c - +0 robe
rPois    .         Spirit   .   (helmet restricted)
rElec    .         Reflect  .   d - +0 cloak
rCorr    .                      (gloves unavailable)
MR       .....                  (boots unavailable)
Stlth    ++++......             (no amulet)
HPRegen  0.07/turn              (no ring)
MPRegen  0.10/turn              (no ring)

@: very quick
A: very small, unfitting armour, see invisible, herbivore, speed 3, slow
metabolism 2
a: Renounce Religion


You were on level 4 of the Dungeon.
You worshipped Dithmenos.
Dithmenos was noncommittal.
You were not hungry.

You visited 1 branch of the dungeon, and saw 4 of its levels.

You collected 273 gold pieces.

Inventory:

Hand Weapons
 a - a +2 dagger (weapon)
 b - a +0 blowgun
Missiles
 h - 116 poisoned needles
Armour
 c - a +0 robe (worn)
 d - a +0 cloak (worn)
Jewellery
 m - the ring "Kopt" {+Fly rC- Dex+6, unknown}
   (You found it on level 1 of the Dungeon)

   [ring of flight]

   It affects your dexterity (+6).
   It makes you vulnerable to cold.
   It lets you fly.
Wands
 f - a wand of flame (15)
 g - a wand of enslavement (15)
 t - a wand of acid (8)
 x - a wand of digging (8)
Scrolls
 i - 4 scrolls of identify
 l - 4 scrolls of remove curse {unknown}
 n - a scroll of teleportation {unknown}
 o - a scroll of blinking {unknown}
Potions
 j - a potion of degeneration {unknown}
 k - a potion of heal wounds {unknown}
 p - a potion of flight {unknown}
 q - a potion of cancellation {unknown}
 r - a potion of lignification {unknown}
 s - a potion of agility {unknown}
 u - 3 potions of curing {unknown}
 v - 2 potions of mutation {unknown}
 w - 2 potions of ambrosia {unknown}
Comestibles
 e - 8 rations {!d}


   Skills:
 - Level 1.5 Fighting
 + Level 4.5 Short Blades
 + Level 8.2 Stealth
 - Level 2.6 Evocations


You had 3 spell levels left.
You didn't know any spells.
Your spell library was empty.

Dungeon Overview and Level Annotations

Branches:
Dungeon (4/12)
 Temple: D:4-7

Altars:
Dithmenos
Gozag
Trog

Annotations:
D:3 2 transporters


Innate Abilities, Weirdness & Mutations

You are very small and have problems with some larger weapons.
You are too small for most types of armour.
You have supernaturally acute eyesight. (SInv)
You are a herbivore.
You cover ground extremely quickly.
You need to consume almost no food.


Message History

There is an open door here.
There is a stone staircase leading down here.
You climb downwards.
A rune on the stairs sparks and fizzles.
There is a stone staircase leading up here.
There is a stone staircase leading up here.
You now have 273 gold pieces (gained 22).
i - 4 scrolls of identify (gained 1)
l - 4 scrolls labeled MAVU BUNECZAJ (gained 1)
You see here 285 sling bullets.
An ogre comes into view. It is wielding a +0 giant club.
You have encountered a dangerous foe!
The ogre shouts!
You hit the ogre.
The ogre is lightly wounded.
You hit the ogre.
The ogre is moderately wounded.
The ogre hits you with a +0 giant club!!
Ouch! That really hurt!
You die...

#.# #.# ###.### ###
#.....# ..#####.....#
#.##........#
#.##.##.....###
#O##............
#.####@##..###########
#.............(.......
######.##..###########
#.##..........
#.##..#######. #.##..#
#.##..# #.#...##
#.#....##


You could see an ogre.

Vanquished Creatures
  3 adders
  An ooze (D:1)
  A worm (D:3)
  2 dart slugs (D:2)
  5 leopard geckos
  2 orcs (D:3)
  2 ball pythons
  4 giant cockroaches
  A goblin (D:2)
  14 hobgoblins
  5 jackals (D:1)
  7 kobolds
  5 quokkas
  5 bats
  4 frilled lizards
  4 rats
65 creatures vanquished.

Notes
Turn   | Place    | Note
-------+----------+-------------------------------------------
     0 | D:1      | Minion the Spriggan Rogue began the quest for the Orb.
     0 | D:1      | Reached XP level 1. HP: 10/10 MP: 3/3
   456 | D:1      | Reached XP level 2. HP: 14/14 MP: 5/5
   707 | D:1      | Reached skill level 7 in Stealth
  1002 | D:1      | Got a sparkling pewter ring
  1410 | D:2      | Reached XP level 3. HP: 14/18 MP: 6/6
  1500 | D:2      | Found an opulent altar of Gozag.
  2263 | D:2      | Reached XP level 4. HP: 8/22 MP: 7/7
  2465 | D:3      | Reached skill level 8 in Stealth
  2998 | D:3      | Found a transporter.
  3002 | D:3      | Found a transporter.
  3026 | D:3      | Found a bloodstained altar of Trog.
  3378 | D:3      | Found a shadowy altar of Dithmenos.
  3404 | D:3      | Became a worshipper of Dithmenos the Shadowed
  3669 | D:4      | Noticed an ogre
  3674 | D:4      | Slain by an ogre

Skill      XL: |  1  2  3  4 |
---------------+-------------+-----
Short Blades   | 3 4 |  4.5
Stealth        | 7 8 |  8.2
Fighting       | |  1.5
Evocations     | |  2.6

Action                   |  1- 3 |  4- 6 || total
-------------------------+-------+-------++-------
Melee: Dagger            |   180 |    91 ||   271
 Stab: Sleeping          |    14 |     8 ||    22
  Eat: Ration            |       |     2 ||     2
Armor: Robe              |    24 |     3 ||    27
Dodge: Dodged            |   101 |    44 ||   145
